 Dungeon Crawl Stone Soup version 0.21-a0-442-g848f44b (webtiles) character file.

174 theanonym the Ruffian (level 5, 27/27 HPs)
             Began as a Vine Stalker Fighter on Nov 16, 2017.
             Quit the game on level 3 of the Dungeon.
             The game lasted 00:03:09 (1995 turns).

theanonym the Ruffian (Vine Stalker Fighter)        Turns: 1995, Time: 00:03:10

Health: 27/27      AC:  7    Str: 20    XL:     5   Next: 54%
Magic:  6/6        EV:  7    Int:  8    God:
Gold:   111        SH:  9    Dex: 13    Spells: 4/4 levels left

rFire    . . .     SeeInvis +     - Unarmed
rCold    . . .     Gourm    .   b - +0 shield
rNeg     . . .     Faith    .   a - +0 scale mail
rPois    .         Spirit   +   (no helmet)
rElec    .         Reflect  .   (no cloak)
rCorr    .         Harm     .   (no gloves)
MR       .....                  n - +0 pair of boots
Stlth    ..........             (no amulet)
HPRegen  0.49/turn              x - ring of see invisible {sInv}
MPRegen  0.10/turn              w - ring of wizardry {Wiz+}

@: no status effects
A: fangs 2, regeneration 1, magic shield, antimagic bite, no potion heal 3, rot
immunity
a: no special abilities


Innate Abilities, Weirdness & Mutations

You have extremely sharp teeth.
Your natural rate of healing is unusually fast.
When hurt, damage is shared between your health and your magic reserves.
Your bite disrupts and absorbs the magic of your enemies.
Potions cannot restore your health.
You are immune to rotting.


   Skills:
 - Level 2.6 Fighting
 - Level 2.4 Armour
 - Level 2.6 Shields
 + Level 5.6 Unarmed Combat


You had 4 spell levels left.
You didn't know any spells.

Skill      XL: |  1  2  3  4 |
---------------+-------------+-----
Unarmed Combat | 3 4 5 |  5.6
Fighting       | |  2.6
Armour         | |  2.4
Shields        | |  2.6

Action                   |  1- 3 |  4- 6 || total
-------------------------+-------+-------++-------
Melee: Unarmed           |   109 |    91 ||   200
       Bite              |    26 |    25 ||    51
  Use: Scroll            |     3 |     1 ||     4
  Eat: Chunk             |     1 |     2 ||     3
Armor: Scale mail        |    30 |    35 ||    65
Dodge: Dodged            |    23 |    25 ||    48
Block: Shield            |    46 |    42 ||    88

Inventory:

Hand Weapons
 e - a +0 dagger
   (You found it on level 1 of the Dungeon)
 i - a +0 club
   (You found it on level 1 of the Dungeon)
Armour
 a - a +0 scale mail (worn)
 b - a +0 shield (worn)
 m - a +2 cloak
   (You took it off Crazy Yiuf on level 2 of the Dungeon)
 n - a +0 pair of boots (worn)
   (You found it on level 1 of the Dungeon)
Jewellery
 s - a cursed amulet of inaccuracy
   (You found it on level 2 of the Dungeon)
 w - a ring of wizardry (right hand) {Wiz+}
   (You found it on level 2 of the Dungeon)
 x - a ring of see invisible (left hand) {sInv}
   (You found it on level 2 of the Dungeon)
 B - an uncursed amulet of faith {unknown}
   (You found it on level 2 of the Dungeon)
Wands
 r - a wand of polymorph (9/24)
   (You found it on level 2 of the Dungeon)
 v - a wand of polymorph (11/24)
   (You found it on level 2 of the Dungeon)
Scrolls
 h - a scroll of remove curse
 o - a scroll of fear {unknown}
 q - a scroll of blinking {unknown}
 t - a scroll of teleportation {!r}
 y - a scroll of amnesia {unknown}
 A - 2 scrolls of fog {unknown}
Potions
 c - a potion of might
 g - 2 potions of heal wounds {unknown}
 k - 3 potions of haste
 p - a potion of curing {unknown}
 u - a potion of flight {unknown}
 z - 3 potions of magic {unknown}
Comestibles
 d - 2 bread rations
 f - a royal jelly
 j - 4 fruits
 l - a meat ration

Dungeon Overview and Level Annotations

Branches:
Dungeon (3/15)

Altars:


You were on level 3 of the Dungeon.
You were hungry.

You visited 1 branch of the dungeon, and saw 3 of its levels.

You collected 111 gold pieces.


Message History

The quokka barely misses you.
You miss the quokka. Your bite misses the quokka.
You block the quokka's attack.
You hit the quokka.
You kill the quokka!
No target in view!
You butcher the quokka corpse.
m - 12 chunks of flesh (gained 2) Key pressed, stopping explore.
No target in view!
You see here a hunting sling.
You see here a club.
Some of the chunks of flesh in your inventory have rotted away.
Found a runed door.
No target in view!
You see here a stone.
You see here a club.
Some of the chunks of flesh in your inventory have rotted away.
You see here a hunting sling.
B - a tiny emerald amulet You see here a club.
You see here a club.
You see here 24 stones.
A bat comes into view.
A bat is nearby!
The bat barely misses you.
You hit the bat. Your bite misses the bat. You block the bat's attack.
You block the bat's attack.
You hit the bat.
You kill the bat!
No target in view!
Some of the chunks of flesh in your inventory have rotted away.
There is a stone staircase leading up here.
You see here a club.
All of the chunks of flesh in your inventory have rotted away.
You see here 5 arrows.
You see here a hunting sling.
You see here a club.
Key pressed, stopping explore.
Partly explored, unopened runed door.
Partly explored, unopened runed door.
No target in view!
No target in view!
No target in view!
Partly explored, unopened runed door.
You open the door.
Crazy Yiuf the Enlightened comes into view.
He is wielding a quarterstaff of chaos.
Crazy Yiuf shouts!
Crazy Yiuf says, "Hah return to song spinner!"
Found a mace.
There is an open door here.
You hit Crazy Yiuf. You bite Crazy Yiuf, but do no damage.
You punch Crazy Yiuf! Your bite misses Crazy Yiuf.
Crazy Yiuf hits you with a quarterstaff of chaos!
Crazy Yiuf freezes you.
You take 9 damage, and have 18/27 hp.
MASSIVE DAMAGE!!
You now have 4/6 mp.
You are too injured to fight recklessly!
You are too injured to fight recklessly!
You are too injured to fight recklessly!
You are too injured to fight recklessly!
You are too injured to fight recklessly!
You are feeling hungry.
You hit Crazy Yiuf. Your bite misses Crazy Yiuf. You block Crazy Yiuf's attack.
You hit Crazy Yiuf but do no damage.
Crazy Yiuf hits you with a quarterstaff of chaos!
* * * LOW MAGIC WARNING * * *;
* * * LOW HITPOINT WARNING * * *
You take 5 damage, and have 13/27 hp.
You now have 2/6 mp.
You hit Crazy Yiuf. You bite Crazy Yiuf. You drain his power.
You feel invigorated. You block Crazy Yiuf's attack.
You regained 3 mp, and now have 5/6 mp.
You punch Crazy Yiuf!
You kill Crazy Yiuf!
m - an embroidered cloak You see here a quarterstaff of chaos.
Done exploring.
Done exploring.
Done exploring.
Done exploring.
Done exploring.
You see here a quarterstaff of chaos.
There is an open door here.
You see here a stone.
You see here a club.
You see here a hunting sling.
There is a stone staircase leading down here.
Health restored: 27; MP restored: 6 You climb downwards.
A frilled lizard comes into view.
Found a bread ration.
There is a stone staircase leading up here.
A frilled lizard is nearby!
A frilled lizard is nearby!
You block the frilled lizard's attack.
Your shield and scale mail prevent you from hitting the frilled lizard.
You bite the frilled lizard. You drain its power.
You kill the frilled lizard!
No target in view!
No target in view!
No target in view!
Unknown command.

######
#....#
#....#
#<%..#
#@...#
#†.......
#.....#..
#.....# .
......#
#....##
#....#
.....#


There were no monsters in sight!

Notes
Turn   | Place    | Note
-------+----------+-------------------------------------------
     0 | D:1      | theanonym the Vine Stalker Fighter began the quest for the Orb.
     0 | D:1      | Reached XP level 1. HP: 11/11 MP: 2/2
    27 | D:1      | HP: 2/11 [dart slug/slug dart (5)]
    31 | D:1      | Reached XP level 2. HP: 4/16 MP: 1/3
   263 | D:1      | Reached skill level 3 in Unarmed Combat
   427 | D:1      | Reached XP level 3. HP: 19/19 MP: 4/4
   656 | D:1      | theanonym: !lg
  1065 | D:2      | Reached skill level 4 in Unarmed Combat
  1076 | D:2      | Gained mutation: Your natural rate of healing is unusually fast. [Vine Stalker growth]
  1076 | D:2      | Reached XP level 4. HP: 23/23 MP: 5/5
  1279 | D:2      | Reached skill level 5 in Unarmed Combat
  1279 | D:2      | Reached XP level 5. HP: 24/27 MP: 4/6
  1731 | D:2      | Found a runed door.
  1934 | D:2      | Noticed Crazy Yiuf
  1939 | D:2      | HP: 13/27 [Crazy Yiuf/quarterstaff of chaos (6)]
  1941 | D:2      | Killed Crazy Yiuf
  1995 | D:3      | Quit the game

Vanquished Creatures
  Crazy Yiuf (D:2)
  A worker ant (D:2)
  5 adders (D:2)
  An ooze (D:1)
  2 dart slugs
  3 leopard geckos
  9 bats
  3 giant cockroaches (D:1)
  8 goblins
  6 hobgoblins
  5 kobolds
  3 quokkas (D:2)
  2 ball pythons
  2 frilled lizards
  21 rats
72 creatures vanquished.
